 Dungeon Crawl Stone Soup version 0.30.1-11-g7821555f0a (webtiles) character file.

Game seed: 17466853937015226917

161007 pkoi the Brawler (level 17, -9/138 HPs)
             Began as a Pale Draconian Monk on Nov 17, 2023.
             Was the Champion of Elyvilon.
             Shot with an arrow by a naga sharpshooter (11 damage)
             ... on level 4 of the Snake Pit on Nov 19, 2023.
             The game lasted 01:35:30 (39706 turns).

pkoi the Brawler (Pale Draconian Monk)             Turns: 39706, Time: 01:35:31

Health: -9/138     AC: 16    Str: 13    XL:     17   Next: 19%
Magic:  10/37      EV: 12    Int: 32    God:    Elyvilon [******]
Gold:   1830       SH:  0    Dex: 12    Spells: 5/28 levels left

rFire   + . .        b - staff of cold "Mexol" {rC+ MP+9 Int+2}
rCold   + . .        (no shield)
rNeg    . . .        (body armour unavailable)
rPois   +            A - +3 hat of Loent {rF+ Str-4 Int+4 Stlth+}
rElec   .            o - +0 cloak
rCorr   .            G - +1 pair of gloves of Spite {Will+ Str+4 Int+3}
SInv    .            R - +0 pair of boots
Will    ++...        Q - amulet of the acrobat
Stlth   ++++         S - ring of poison resistance
HPRegen 1.23/turn    F - +4 ring of slaying
MPRegen 0.25/turn

%: acrobat
@: lethally poisoned (-9 -> -23), about to teleport, slowed, constricted, very
slow
A: breathe steam, AC +9, unfitting armour, cold-blooded, steam resistance,
clever 1, regeneration 1, noise suppression
a: Breathe Steam, Renounce Religion, Purification, Heal Other, Heal Self, Divine
Vigour


You were on level 4 of the Snake Pit.
You worshipped Elyvilon.
Elyvilon was exalted by your worship.
You visited 6 branches of the dungeon, and saw 29 of its levels.
You visited the Abyss 1 time.

You collected 2810 gold pieces.
You spent 980 gold pieces at shops.

Inventory:

Hand Weapons
 d - a +1 dagger of venom
 y - a +4 dagger
Missiles
 m - 17 poisoned darts
 n - 3 throwing nets (quivered)
 z - 3 boomerangs of dispersal
 I - a curare-tipped dart
Armour
 o - a +0 cloak (worn)
 A - the +3 hat of Loent (worn) {rF+ Str-4 Int+4 Stlth+}
   (You acquired it on level 8 of the Dungeon)

   Str:       It affects your strength (-4).
   Int:       It affects your intelligence (+4).
   rF:        It protects you from fire.
   Stlth:     It makes you more stealthy.
 G - the +1 pair of gloves of Spite (worn) {Will+ Str+4 Int+3}
   (You found it on level 11 of the Dungeon)

   Str:       It affects your strength (+4).
   Int:       It affects your intelligence (+3).
   Will:      It increases your willpower.
 R - a +0 pair of boots (worn)
Magical Staves
 b - the staff of cold "Mexol" (weapon) {rC+ MP+9 Int+2}
   (You acquired it on level 7 of the Dungeon)

   [staff of cold]

   Base accuracy: +5 Base damage: 5 Base attack delay: 1.2 This weapon's minimum
   attack delay (0.6) is reached at skill level 12.
   Int:       It affects your intelligence (+2).
   rC:        It protects you from cold.
   MP:        It affects your magic capacity (+9).
   It falls into the 'Staves' category.
   It is a one-handed weapon.
Jewellery
 h - a +5 ring of evasion
 j - a ring of protection from fire
 t - a ring of resist corrosion
 F - a +4 ring of slaying (right hand)
 N - a ring of flight
 Q - an amulet of the acrobat (around neck)
 S - a ring of poison resistance (left hand)
 U - a +6 ring of intelligence
Wands
 p - a wand of flame (34)
 r - a wand of mindburst (17)
 w - a wand of roots (34)
 H - a wand of digging (15)
 J - a wand of quicksilver (23)
 M - a wand of charming (11)
Scrolls
 f - 2 scrolls of enchant weapon
 g - 2 scrolls of fear
 i - 16 scrolls of identify
 s - 3 scrolls of enchant armour
 u - 5 scrolls of blinking
 x - 5 scrolls of summoning
 C - 2 scrolls of magic mapping
 E - 8 scrolls of teleportation
 K - 4 scrolls of poison
 L - 2 scrolls of fog
 P - 7 scrolls of amnesia
 V - 2 scrolls of silence
Potions
 a - 2 potions of ambrosia
 c - a potion of invisibility
 e - 2 potions of berserk rage
 k - 10 potions of curing
 l - 2 potions of brilliance
 q - a potion of magic
 v - 2 potions of haste
 B - a potion of might
 D - 3 potions of cancellation
 T - a potion of flight
 W - a potion of resistance


   Skills:
 + Level 9.4 Fighting
 + Level 9.3 Dodging
 - Level 6.0 Stealth
 + Level 15.5 Unarmed Combat
 + Level 6.4 Spellcasting
 + Level 8.4 Conjurations
 - Level 3.0 Translocations
 - Level 6.0 Transmutations
 - Level 6.0 Fire Magic
 * Level 9.7 Ice Magic
 - Level 9.0 Air Magic
 - Level 9.0 Poison Magic
 - Level 15.0 Invocations


You had 5 spell levels left.
You knew the following spells:

 Your Spells              Type           Power      Damage    Failure   Level
a - Blink                 Tloc           58%        N/A       1%          2
b - Swiftness             Air            61%        N/A       1%          3
c - Freezing Cloud        Conj/Ice/Air   40%        6-21      3%          5
d - Poisonous Vapours     Pois/Air       100%       N/A       1%          2
e - Ignite Poison         Fire/Tmut/Pois 53%        N/A       1%          3
f - Olgreb's Toxic Radia  Pois           61%        N/A       1%          4
g - Airstrike             Air            30%        2d(5-21)  1%          4

Your spell library contained the following spells:

 Spells                   Type           Power      Damage    Failure   Level
 Beastly Appendage        Tmut           96%        N/A       1%          1
 Shock                    Conj/Air       100%       1d9       1%          1
 Sting                    Tmut/Pois      100%       1d8       1%          1
 Cigotuvi's Dreadful Rot  Necr/Pois/Air  96%        N/A       1%          2
 Lesser Beckoning         Tloc           58%        N/A       1%          2
 Momentum Strike          Conj/Tloc      94%        3d10      1%          2
 Wereblood                Tmut           48%        N/A       1%          2
 Mephitic Cloud           Conj/Pois/Air  61%        N/A       1%          3
 Ozocubu's Armour         Ice            83%        N/A       1%          3
 Spider Form              Tmut/Pois      55%        N/A       1%          3
 Gell's Gravitas          Tloc           29%        N/A       3%          3
 Teleport Other           Tloc           29%        N/A       3%          3
 Iskenderun's Battlesphe  Conj           59%        2d11      3%          5
 Slow                     Hex            40%        N/A       4%          1
 Fireball                 Conj/Fire      27%        3d12      6%          5
 Irradiate                Conj/Tmut      27%        3d20      6%          5
 Sublimation of Blood     Necr           10%        N/A       7%          2
 Portal Projectile        Hex/Tloc       38%        N/A       7%          3
 Blade Hands              Tmut           24%        N/A       11%         5
 Confusing Touch          Hex            10%        N/A       13%         3
 Tukima's Dance           Hex            10%        N/A       13%         3
 Vampiric Draining        Necr           10%        2d6       13%         3
 Petrify                  Tmut/Erth      29%        N/A       13%         4
 Conjure Ball Lightning   Conj/Air       30%        3x3d10    19%         6
 Ozocubu's Refrigeration  Ice            41%        4d16      56%         7
 Orb of Destruction       Conj           29%        9d9       75%         7
 Dispersal                Tloc           14%        N/A       89%         6
 Summon Hydra             Summ           5%         N/A       100%        7
 Discord                  Hex            5%         N/A       100%        8
 Ignition                 Fire           24%        3d8       100%        8


Dungeon Overview and Level Annotations

Branches:
Dungeon (15/15)            Temple (1/1) D:5            Lair (5/5) D:11
  Swamp (2/4) Lair:2        Snake (4/4) Lair:2        Slime (0/5) Lair:4
    Orc (2/2) D:11            Elf (0/3) Orc:2        Vaults (0/5) D:14
 Depths (0/4) D:15

Altars:
Ashenzari
Cheibriados
Dithmenos
Elyvilon
Fedhas
Gozag
Hepliaklqana
Kikubaaqudgha
Makhleb
Nemelex Xobeh
Okawaru
Qazlal
Ru
Sif Muna
Trog
Uskayaw
Vehumet
Wu Jian
Xom
Yredelemnul
Zin
The Shining One

Shops:
D:2 (!   D:5 ((   D:7 =   D:9 [(:   Orc:2 [=*=

Portals:
Abyss: D:4

Annotations:
D:14 Roxanne
Snake:3 1 runed translucent door, lonewolfV2's ghost, adept FoFi


Innate Abilities, Weirdness & Mutations

You can breathe blasts of scalding, opaque steam.
Your pale cyan-grey scales are hard. (AC +9)
You cannot fit into any form of body armour.
You are cold-blooded and may be slowed by cold attacks.
You are immune to the effects of steam.
Your mind is acute. (Int +4, Str/Dex -1)
Your natural rate of healing is unusually fast.
You passively dampen the noise of your surroundings.


Message History

The naga warrior hits you with a +0 glaive!!!
* * * LOW HITPOINT WARNING * * *
The naga warrior is engulfed in freezing vapours.
The naga warrior hits you with a +0 war axe!
* * * LOW HITPOINT WARNING * * *
The naga is engulfed in freezing vapours.
You kill the naga!
Unknown command.
Unknown command.
Unknown command.
You feel much better.
You feel very sick.
The nagaraja is engulfed in freezing vapours.
The nagaraja hits you with a +0 whip!!
* * * LOW HITPOINT WARNING * * *
The nagaraja constricts you.
* * * LOW HITPOINT WARNING * * *
The naga mage is engulfed in freezing vapours.
The naga mage points at you and mumbles some strange words.
The bolt of poison hits the naga.
The bolt of poison hits you.
You are more poisoned.
You resist. Elyvilon protects you from harm!
The bolt of poison hits the naga sharpshooter.
The naga sharpshooter is poisoned.
The nagaraja is engulfed in freezing vapours.
The nagaraja hits you with a +0 whip.
* * * LOW HITPOINT WARNING * * *
The nagaraja constricts you.
The naga warrior is engulfed in freezing vapours.
The naga warrior hits you with a +0 war axe!
Elyvilon protects you from harm!
The naga mage is engulfed in freezing vapours.
You kill the naga mage!
The naga warrior barely misses you.
The naga is engulfed in freezing vapours.
The naga hits you with a +0 glaive.
* * * LOW HITPOINT WARNING * * *
The naga sharpshooter shoots an arrow.
The arrow hits you!
You die...

.. #.. §§§. ########
§§§§§
#######......######§§§§.
#.............§§§§§§§§§§
...............NN§§§§○§.
.......))......N@N§§§§§.
######.........NN§§§§§..
###......#####§§§.. ##
######## §§.. .# ... .#
.. .# . .# .##########


You could see a nagaraja (fast, strong), 3 naga warriors, a naga sharpshooter
(strong, poisoned) and a naga (strong).

Vanquished Creatures
  Vashnia (Snake:2)
  Jorgrun (Snake:2)
  A tentacled starspawn (Abyss:2)
  2 nagarajas (Snake:3)
  Aizul (Snake:1)
  A ghoul (Swamp:1)
  A stone giant (D:15)
  An orc warlord (Orc:2)
  An eleionoma (Swamp:1)
  A bunyip (Swamp:1)
  Azrael (Orc:2)
  Snorg (D:13)
  An ettin (Orc:2)
  A fire dragon (Lair:5)
  6 hydras
  2 vault guards (D:14)
  An ice dragon (Lair:5)
  2 catoblepae
  2 centaur warriors
  12 anacondas
  4 boulder beetles
  4 death yaks
  5 two-headed ogres
  3 alligators
  5 naga warriors
  3 tengu warriors
  2 shock serpents
  9 orc high priests
  10 spriggans
  Urug (D:11)
  5 naga sharpshooters
  A wretched star (Lair:3)
  3 sea snakes (Snake:3)
  5 salamander mystics
  4 goliath frogs
  A swamp dragon (Lair:5)
  2 bog bodies (Swamp:1)
  4 spriggan druids
  2 lindwurms
  A phantasmal warrior (Abyss:2)
  3 naga ritualists
  A deep elf pyromancer (D:13)
  6 mana vipers
  15 ugly things
  2 manticores
  19 salamanders
  9 elephants (Lair:4)
  A cyclops (Orc:1)
  30 black mambas
  Maurice (Orc:2)
  9 naga magi
  3 guardian serpents
  A smoke demon (Abyss:2)
  3 gargoyles
  An unseen horror (D:12)
  4 torpor snails (Lair:5)
  13 cane toads
  4 rime drakes
  A freezing wraith (D:15)
  2 efreet (D:15)
  4 komodo dragons
  2 ancient zymes (Abyss:2)
  3 tengu conjurers (D:14)
  11 trolls
  6 tyrant leeches
  3 polar bears
  16 hornets
  7 blink frogs
  Prince Ribbit (D:6)
  5 dream sheep (Lair:3)
  Sigmund (D:6)
  2 centaur simulacra
  The ghost of laqueoix the Cudgeller, an amateur OgGl of Hepliaklqana (D:4)
  7 slime creatures
  A shadow (D:10)
  2 fire elementals
  5 wyverns
  25 yaks
  3 vampires
  A ynoxinul (Abyss:2)
  8 humans (D:14)
  2 wraiths
  6 basilisks
  A hog (Lair:4)
  7 steam dragons
  9 vampire mosquitoes
  A chaos spawn (Abyss:2)
  6 wargs
  7 swamp worms
  27 nagas
  20 water moccasins
  3 hell hounds (Orc:2)
  3 acid dragons
  3 small abominations
  2 swamp drakes
  3 ice beasts
  21 orc warriors
  A black bear (Lair:4)
  2 sky beasts (D:8)
  11 wolves
  7 centaurs
  A phantom (D:5)
  11 ogres
  2 gnoll sergeants
  A kobold brigand (D:10)
  14 bullfrogs
  6 scorpions
  11 wights
  7 killer bees
  9 howler monkeys
  4 electric eels
  A quasit (Abyss:2)
  2 jellies
  7 hounds
  34 orc priests
  2 gnoll boudas
  An iron imp (Abyss:2)
  2 sleepcaps (D:5)
  9 iguanas
  Natasha (thrice) (D:2)
  16 orc wizards
  Robin (D:4)
  18 gnolls
  12 adders
  6 white imps
  3 ufetubi
  A worm (D:3)
  95 orcs
  6 endoplasms
  2 giant cockroaches (D:3)
  11 goblins
  9 hobgoblins
  13 kobolds
  7 quokkas
  A ball python (D:1)
  6 bats
  A frilled lizard (D:3)
  5 rats
838 creatures vanquished.

Vanquished Creatures (others)
  Kirke (Lair:4)
  A vault guard (D:14)
  An alligator (Swamp:1)
  An elephant (Lair:4)
  A torpor snail (Lair:5)
  A black mamba (Lair:4)
  A smoke demon (Abyss:2)
  A tyrant leech (Lair:5)
  3 humans
  A large abomination (Abyss:2)
  A water moccasin (Lair:4)
  2 black bears (Lair:4)
  A wolf (Lair:4)
  An electric eel (Lair:2)
  An orc wizard (D:8)
  2 orcs
  A lurking horror (Abyss:2)
  3 starspawn tentacles (Abyss:2)
24 creatures vanquished.

Grand Total: 862 creatures vanquished

Notes
Turn   | Place    | Note
-------+----------+-------------------------------------------
     0 | D:1      | pkoi the Draconian Monk began the quest for the Orb.
     0 | D:1      | Reached XP level 1. HP: 19/19 MP: 1/1
   156 | D:1      | Reached XP level 2. HP: 26/26 MP: 2/2
   686 | D:1      | Reached XP level 3. HP: 26/31 MP: 3/3
   776 | D:2      | Reached skill level 5 in Unarmed Combat
   776 | D:2      | Reached XP level 4. HP: 36/38 MP: 4/4
   857 | D:2      | Found Qocofei's Distillery.
  1069 | D:2      | Found Gunkenya's Weapon Boutique.
  1281 | D:2      | Noticed Natasha
  1289 | D:2      | Killed Natasha
  1358 | D:2      | Noticed Natasha
  1367 | D:2      | Killed Natasha
  1368 | D:2      | Reached XP level 5. HP: 36/45 MP: 5/5
  1419 | D:2      | Noticed Natasha
  1425 | D:2      | Killed Natasha
  1503 | D:3      | Found a white marble altar of Elyvilon.
  1543 | D:3      | Became a worshipper of Elyvilon the Healer
  1543 | D:3      | Reached * piety under Elyvilon
  1543 | D:3      | Reached ** piety under Elyvilon
  1916 | D:3      | Found a sparkling altar of Nemelex Xobeh.
  1942 | D:3      | Reached skill level 1 in Invocations
  2369 | D:4      | Reached XP level 6. HP: 51/51 MP: 5/7
  2430 | D:4      | Found a transporter.
  2465 | D:4      | Found a transporter.
  2465 | D:4      | Found a one-way gate to the infinite horrors of the Abyss.
  2491 | D:4      | Noticed a small abomination
  2491 | D:4      | Noticed laqueoix's ghost (amateur OgGl)
  2595 | D:4      | You fall into a shaft and drop 1 floor!
  2595 | D:5      | Entered Level 5 of the Dungeon
  2671 | D:5      | Reached *** piety under Elyvilon
  2699 | D:5      | Your scales start taking on a pale cyan-grey colour.
  2699 | D:5      | Reached XP level 7. HP: 53/57 MP: 9/9
  2699 | D:5      | Gained mutation: You are immune to the effects of steam.
                  | [Pale Draconian growth]
  2753 | D:5      | Noticed a wraith
  2757 | D:5      | Gained mutation: You passively dampen the noise of your
                  | surroundings. [potion of mutation]
  2757 | D:5      | Gained mutation: Your natural rate of healing is unusually
                  | fast. [potion of mutation]
  2757 | D:5      | Gained mutation: Your mind is acute. (Int +4, Str/Dex -1)
                  | [potion of mutation]
  2794 | D:5      | Reached skill level 5 in Invocations
  2807 | D:5      | Killed a wraith
  2812 | D:5      | Reached XP level 8. HP: 63/63 MP: 10/12
  2923 | D:5      | Found a staircase to the Ecumenical Temple.
  2976 | D:4      | Found a radiant altar of Vehumet.
  3145 | D:4      | Found a shadowy altar of Dithmenos.
  3145 | D:4      | Found a bloodstained altar of Trog.
  3348 | D:4      | Identified the +6 dagger of Corporal Punishment {vamp,
                  | *Corrode +Blink Str+6}
  3348 | D:4      | Noticed Robin
  3359 | D:4      | Killed Robin
  3786 | D:5      | Found a shimmering altar of Xom.
  3803 | Temple   | Entered the Ecumenical Temple
  3966 | D:5      | Found the +1 Delatra's gloves {ID++}
  4118 | D:5      | Found Fuosecymir's Weapon Shoppe.
  4123 | D:5      | Found Rous's Weapon Shoppe.
  4249 | D:6      | Reached **** piety under Elyvilon
  4257 | D:6      | Noticed Pikel
  4269 | D:6      | Pacified Pikel
  4270 | D:6      | Reached XP level 9. HP: 65/70 MP: 7/15
  4331 | D:6      | Noticed Sigmund
  4341 | D:6      | Killed Sigmund
  4342 | D:6      | Reached skill level 10 in Unarmed Combat
  4419 | D:6      | Noticed Prince Ribbit
  4442 | D:6      | Killed Prince Ribbit
  4638 | D:6      | Noticed Edmund
  4640 | D:6      | Pacified Edmund
  4973 | D:7      | Found Plog's Jewellery Shop.
  5076 | D:7      | Identified 2 scrolls of acquirement
  5179 | D:7      | Noticed Menkaure
  5183 | D:7      | Pacified Menkaure
  5184 | D:7      | Reached skill level 10 in Invocations
  5346 | D:7      | Learned a level 2 spell: Blink
  5765 | D:8      | Reached XP level 10. HP: 77/77 MP: 17/17
  5818 | D:8      | Found a burning altar of Makhleb.
  5838 | D:8      | Acquired the staff of cold "Mexol" {rC+ MP+9 Int+2}
  5839 | D:8      | Acquired the +3 hat of Loent {rF+ Str-4 Int+4 Stlth+}
  5990 | D:8      | Reached skill level 1 in Stealth
  6724 | D:9      | Found Nual's Book Boutique.
  6826 | D:9      | Found Ywianwe's Armour Boutique.
  6827 | D:9      | Found Bavic's Antique Weapon Boutique.
  6829 | D:9      | Reached ***** piety under Elyvilon
  7228 | D:9      | Learned a level 3 spell: Swiftness
  7438 | D:9      | Reached skill level 5 in Fighting
  7768 | D:10     | Entered Level 10 of the Dungeon
  7825 | D:10     | Noticed a two-headed ogre
  7848 | D:10     | Pacified a two-headed ogre
  8174 | D:10     | Reached XP level 11. HP: 60/88 MP: 19/19
  8595 | D:10     | Learned a level 5 spell: Freezing Cloud
  8898 | D:11     | Found a staircase to the Lair.
  8923 | D:11     | Noticed a two-headed ogre
  8946 | D:11     | Killed a two-headed ogre
  8947 | D:11     | Reached skill level 5 in Dodging
  8968 | D:11     | Identified the +1 pair of gloves of Spite {Will+ Str+4
                  | Int+3}
  9032 | D:11     | Found a staircase to the Orcish Mines.
  9122 | D:11     | Reached skill level 1 in Air Magic
  9186 | D:11     | Reached skill level 1 in Conjurations
  9186 | D:11     | Reached skill level 1 in Translocations
  9186 | D:11     | Reached skill level 1 in Ice Magic
  9291 | D:11     | Reached skill level 1 in Spellcasting
  9342 | D:11     | Noticed Urug
  9915 | Lair:1   | Entered Level 1 of the Lair of Beasts
 10129 | Lair:1   | Reached skill level 5 in Stealth
 10626 | Lair:1   | Reached XP level 12. HP: 56/97 MP: 20/20
 11379 | Lair:2   | Identified the +2 robe of Ygifrie {rN+ rCorr Str-4}
 11647 | Lair:2   | Found a staircase to the Snake Pit.
 11739 | Lair:2   | Found a staircase to the Swamp.
 12515 | Lair:3   | Noticed Nessos
 12553 | Lair:3   | Pacified Nessos
 13076 | Lair:3   | Noticed Sonja
 13086 | Abyss:2  | Cast into level 2 of the Abyss (Sonja)
 13158 | Abyss:2  | Found a corrupted altar of Lugonu.
 13273 | Abyss:2  | Noticed an eidolon
 13278 | Abyss:2  | Pacified an eidolon
 13292 | Abyss:2  | Noticed a lich
 13301 | Abyss:2  | HP: 3/101 [disintegration (71)]
 13302 | Abyss:2  | Pacified a lich
 13648 | Abyss:2  | Elyvilon protects you from harm!
 13847 | Abyss:2  | Noticed a tentacled starspawn
 13901 | Abyss:2  | Killed a tentacled starspawn
 13902 | Abyss:2  | Reached XP level 13. HP: 31/86 MP: 17/20
 13905 | Lair:3   | Escaped the Abyss
 13906 | Lair:3   | Pacified Sonja
 14594 | Lair:4   | Noticed Kirke
 14618 | Lair:4   | Pacified Kirke
 14674 | Lair:4   | Killed Kirke
 15101 | Lair:4   | Learned a level 2 spell: Poisonous Vapours
 15105 | Lair:4   | Learned a level 3 spell: Ignite Poison
 15491 | Lair:4   | Reached skill level 1 in Transmutations
 15746 | Lair:4   | Found a staircase to the Slime Pits.
 15840 | Lair:4   | Reached skill level 1 in Fire Magic
 15840 | Lair:4   | Reached skill level 1 in Poison Magic
 16046 | D:7      | Bought a ring of poison resistance for 200 gold pieces
 16630 | Lair:5   | Entered Level 5 of the Lair of Beasts
 17418 | D:7      | Bought a +4 ring of slaying for 780 gold pieces
 17677 | Lair:5   | Reached XP level 14. HP: 70/118 MP: 24/24
 18142 | Lair:5   | Identified the +7 spear "Dadeah" {chaos, *Corrode +Blink
                  | rF++ rN+}
 18302 | Lair:5   | Found a runed translucent door.
 18364 | Lair:5   | Reached ****** piety under Elyvilon
 19144 | Lair:5   | Learned a level 4 spell: Olgreb's Toxic Radiance
 20013 | Lair:5   | Reached skill level 5 in Air Magic
 20911 | D:12     | Reached skill level 5 in Fire Magic
 21536 | D:4      | Killed laqueoix's ghost
 21537 | D:4      | Reached skill level 5 in Transmutations
 21799 | D:11     | Killed Urug
 21998 | D:11     | Found a staircase to the Orcish Mines.
 22018 | D:11     | Found a staircase to the Lair.
 22481 | D:13     | Noticed Snorg
 22487 | D:13     | Killed Snorg
 22585 | D:13     | Reached skill level 5 in Poison Magic
 23146 | Orc:1    | Entered Level 1 of the Orcish Mines
 23618 | Orc:2    | Entered Level 2 of the Orcish Mines
 24512 | Orc:2    | Found Jubuufon's Antique Armour Shop.
 24512 | Orc:2    | Found Ameanoru's Jewellery Shoppe.
 24690 | Orc:2    | Found a staircase to the Elven Halls.
 24759 | Orc:2    | Noticed Azrael
 24782 | Orc:2    | HP: 5/118 [Azrael/bolt of fire (17)]
 24784 | Orc:2    | Elyvilon protects you from harm!
 25067 | D:14     | Reached XP level 15. HP: 101/124 MP: 25/25
 25236 | D:14     | Reached skill level 5 in Spellcasting
 25868 | D:14     | Noticed Roxanne
 26185 | D:14     | Found an ornate altar of the Wu Jian Council.
 26368 | D:14     | Found a gate to the Vaults.
 26510 | D:15     | Entered Level 15 of the Dungeon
 27309 | D:15     | Found a staircase to the Depths.
 27988 | Swamp:1  | Entered Level 1 of the Swamp
 28771 | Swamp:1  | Reached skill level 15 in Unarmed Combat
 29015 | Swamp:1  | Reached skill level 5 in Ice Magic
 29397 | Swamp:2  | HP: 5/124 [six-headed hydra (13)]
 29398 | Swamp:2  | Elyvilon protects you from harm!
 30064 | Orc:2    | Noticed Maurice
 30071 | Orc:2    | Killed Maurice
 30072 | Orc:2    | Reached XP level 16. HP: 132/132 MP: 11/27
 30554 | Orc:2    | Found Esterph's Assorted Antiques.
 30554 | Orc:2    | Found Woafacuth's Jewellery Shoppe.
 30559 | Orc:2    | Reached skill level 5 in Conjurations
 30658 | Orc:2    | Killed Azrael
 31182 | Snake:1  | Entered Level 1 of the Snake Pit
 31191 | Lair:2   | Reached skill level 15 in Invocations
 33038 | Snake:1  | Noticed Aizul
 33118 | Snake:2  | Noticed Vashnia
 33440 | Snake:1  | Killed Aizul
 33632 | Snake:1  | Noticed Louise
 33636 | Snake:1  | Pacified Louise
 33733 | Snake:2  | Noticed Jorgrun
 33739 | Snake:2  | Killed Jorgrun
 34431 | Snake:2  | Killed Vashnia
 34578 | Snake:1  | Learned a level 4 spell: Airstrike
 38175 | Snake:3  | Reached XP level 17. HP: 127/137 MP: 19/28
 38837 | Snake:3  | Found a runed translucent door.
 38839 | Snake:3  | Found a shimmering altar of Xom.
 38839 | Snake:3  | Noticed lonewolfV2's ghost (adept FoFi)
 39082 | Snake:4  | Entered Level 4 of the Snake Pit
 39591 | Snake:4  | Identified the +1 flail of Haunted Tender Mercy {distort,
                  | rN+ Int+4}
 39706 | Snake:4  | HP: 6/138 [nagaraja/+0 whip (31)]
 39706 | Snake:4  | Elyvilon protects you from harm!
 39706 | Snake:4  | Elyvilon protects you from harm!
 39706 | Snake:4  | HP: 2/138 [naga/+0 glaive (1)]
 39706 | Snake:4  | Shot with an arrow by a naga sharpshooter

Illustrated notes

Levels and vault maps discovered:
D:1:      elethiomel_arrival_shortcut, layout_basic
D:2:      layout_basic, serial_shops, shop, shop, uniq_natasha
D:3:      layout_loops_ring, nemelex_spade_bored_becter, elyvilon_altar_1
D:4:      layout_basic, nicolae_vehumet_altar_sigil,
          gammafunk_temple_overflow_wave, gammafunk_ghost_abyssal_escape,
          uniq_robin
D:5:      cheibrodos_fzero, layout_basic, lemuel_round_altar,
          minmay_temple_entry_overgrown, nicolae_wooded_promenade,
          chequers_serial_rivers_small_b, pf_guarded_unrand_delatra
D:6:      layout_basic, uniq_sigmund, uniq_prince_ribbit1, uniq_pikel,
          uniq_edmund
D:7:      layout_basic, serial_shops, shop, uniq_menkaure
D:8:      layout_gridville, mainiacjoe_overflow_catwalk, special_room
          [special_room_orc]
D:9:      layout_basic, nicolae_shop_distant_corner_stores,
          minmay_quadrilaterals
D:10:     layout_rooms, minmay_circle_x
D:11:     layout_roguey, dpeg_oklobed_lair, david_orc_3, serial_ice,
          serial_ice_c, serial_ice_g, serial_ice_d, serial_ice_k, serial_ice_o,
          serial_ice_e, uniq_urug
D:12:     layout_basic
D:13:     layout_roguey, uniq_snorg
D:14:     layout_roguey, ximxim_vaults_locker_room,
          nicolae_wu_jian_immortal_techniques,
          hellmonk_guarded_unrand_salamander, uniq_roxanne
D:15:     grunt_enter_depths_snipers, layout_loops_corners
Temple:   eino_wide_crystal_templ
Lair:1:   layout_small_grid, chequers_serial_rivers_large_b,
          lemuel_fruit_fields, grunt_megastairs_5
Lair:2:   layout_gridlike, minmay_swamp_entry_reptiles,
          minmay_snake_entry_guardpost_small
Lair:3:   layout_long_grid, uniq_nessos, uniq_sonja
Lair:4:   cheibrodos_lair_overgrown_chateau, layout_cave_shapes,
          dpeg_slime_entry_enclosed, uniq_kirke
Lair:5:   wormcave, layout_regular_city, guppyfry_lair_end_dragon,
          lemuel_fruit_fields, grunt_megastairs_1, lemuel_fruit_tree,
          serial_bayou_shore_b, serial_bayou_shore_b
Swamp:1:  layout_falls_marsh, serial_swamp_ruin, evilmike_swamp_ruin_rubble_2,
          evilmike_swamp_ruin_house_5, evilmike_swamp_ruin_wall, swamp_pool1
Swamp:2:  layout_falls_marsh, evilmike_swamp_ruin_house_1, swamp_pool3
Snake:1:  layout_layer_cave, serial_bayou_shore_b, uniq_aizul, uniq_louise
Snake:2:  layout_misc_corridors, serial_bayou_shore_b, uniq_jorgrun,
          uniq_vashnia
Snake:3:  layout_basic, ebering_ghost_xom, grunt_ministairs_13,
          serial_bayou_shore_a, grunt_megastairs_3
Snake:4:  minmay_snake_end_coiled, layout_grid_shapes, serial_bayou_shore_b,
          minmay_shop_star
Orc:1:    layout_caves
Orc:2:    st_orc_town, layout_caves, uniq_azrael, uniq_maurice

Skill      XL: |  1  2  3  4  5  6  7  8  9 10 11 12 13 14 15 16 |
---------------+-------------------------------------------------+-----
Unarmed Combat | 4 5 6 7 8 9 11 12 13 14 15 | 15.5
Invocations    | 1 3 5 8 10 11 12 13 14 15 | 15.0
Stealth        | 3 5 6 |  6.0
Dodging        | 4 5 7 8 9 |  9.3
Fighting       | 5 6 8 9 |  9.4
Air Magic      | 2 3 6 9 |  9.0
Conjurations   | 2 3 4 8 |  8.4
Translocations | 2 3 |  3.0
Ice Magic      | 2 3 5 9 |  9.7
Spellcasting   | 2 3 4 6 |  6.4
Transmutations | 3 6 |  6.0
Fire Magic     | 3 6 |  6.0
Poison Magic   | 3 6 9 |  9.0

Action                     |  1- 3 |  4- 6 |  7- 9 | 10-12 | 13-15 | 16-18 || total
---------------------------+-------+-------+-------+-------+-------+-------++-------
  Melee: Unarmed           |    75 |   147 |   337 |   997 |  1022 |   119 ||  2697
         Tailslap          |    10 |    24 |    53 |   165 |   197 |    25 ||   474
         Punch             |       |       |       |    75 |   118 |    15 ||   208
         Staff             |       |       |       |       |       |    43 ||    43
  Throw: Dart              |       |     5 |     2 |       |     1 |       ||     8
         Throwing net      |       |       |       |     1 |     1 |       ||     2
   Cast: Poisonous Vapours |       |       |       |       |   171 |    11 ||   182
         Ignite Poison     |       |       |       |       |   119 |     9 ||   128
         Swiftness         |       |       |       |       |     2 |     1 ||     3
         Olgreb's Toxic Ra |       |       |       |       |    44 |     8 ||    52
         Freezing Cloud    |       |       |       |       |       |   152 ||   152
         Airstrike         |       |       |       |       |       |    25 ||    25
 Invoke: Heal Other        |       |       |     9 |    27 |    23 |     8 ||    67
         Heal Self         |       |       |       |     1 |       |       ||     1
Ability: Breathe Steam     |       |       |       |    20 |       |       ||    20
  Evoke: Wand              |       |       |     1 |     2 |     2 |       ||     5
    Use: Scroll            |     4 |     9 |     7 |     7 |     4 |     3 ||    34
         Potion            |     1 |       |     3 |       |     2 |     1 ||     7
   Stab: Sleeping          |       |       |       |    21 |    18 |     1 ||    40
         Distracted        |       |       |       |     1 |     1 |       ||     2
 Armour: Skin              |    30 |    41 |    86 |   266 |   360 |    65 ||   848
  Dodge: Dodged            |    50 |    93 |   279 |   796 |   848 |   173 ||  2239
